 Dungeon Crawl Stone Soup version 0.19.1-1-g22dce08 (webtiles) character file.

169455 Dolanko the Pandemonic (level 17, -4/102 HPs)
             Began as a Gargoyle Fighter on Jan 5, 2017.
             Was a High Priest of Makhleb.
             Slain by a guardian serpent (10 damage)
             ... on level 4 of the Snake Pit.
             The game lasted 01:39:25 (25410 turns).

Dolanko the Pandemonic (Gargoyle Fighter)          Turns: 25410, Time: 01:39:26

Health: -4/102     AC: 35    Str: 32    XL:     17   Next: 67%
Magic:  29/29      EV:  7    Int:  7    God:    Makhleb [*****.]
Gold:   1806       SH:  4    Dex:  9    Spells: 0 memorised, 16 levels left

rFire  + + +     SeeInvis .     q - +9 mace "Niji Cyi" {freeze, rF+ rN+}
rCold  + + .     Gourm    .     b - +0 plate armour
rNeg   + + .     Faith    .     (no shield)
rPois  ∞         Spirit   .     j - +2 hat
rElec  +         Reflect  +     K - +2 cloak {rF+}
rCorr  .         Harm     .     I - +0 pair of gloves "Wyfanaridd" {rElec rC+ Str+4 Int-3}
MR     +....     Clarity  +     M - +1 pair of boots
Stlth  ..........               k - +4 amulet of reflection
                                c - +6 ring of strength
                                u - +2 ring of evasion

@: flying, very slightly contaminated, slowed, constricted, very slow
A: big wings, horns 1, clarity, cold resistance 1, deformed body, dopey 1, fire
resistance 2, negative energy resistance 1, electricity resistance, weak 1,
unbreathing, petrification resistance, rot immunity, subdued magic 2, AC +12
a: Stop Flying, Minor Destruction, Lesser Servant of Makhleb, Major Destruction,
Greater Servant of Makhleb, Renounce Religion
}: 1/15 runes: decaying


You were on level 4 of the Snake Pit.
You worshipped Makhleb.
Makhleb was extremely pleased with you.
You were very hungry.

You visited 6 branches of the dungeon, and saw 28 of its levels.
You also visited: Ossuary and Volcano.

You collected 2920 gold pieces.
You spent 1114 gold pieces at shops.

Inventory:

Hand Weapons
 q - the +9 mace "Niji Cyi" (weapon) {freeze, rF+ rN+}
   (You found it on level 5 of the Dungeon)

   It has been specially enchanted to freeze those struck by it, causing extra
   injury to most foes and up to half again as much damage against particularly
   susceptible opponents.
   It can also slow down cold-blooded creatures.
   It protects you from fire.
   It protects you from negative energy.
Missiles
 C - a throwing net (quivered)
Armour
 b - a +0 plate armour (worn)
 j - a +2 hat (worn)
 y - a +0 large shield
 I - the +0 pair of gloves "Wyfanaridd" (worn) {rElec rC+ Str+4 Int-3}
   (You found it on level 3 of the Swamp)

   It affects your strength (+4).
   It affects your intelligence (-3).
   It protects you from cold.
   It insulates you from electricity.
 K - a +2 cloak of fire resistance (worn)
 M - a +1 pair of boots (worn)
Jewellery
 c - a +6 ring of strength (right hand)
 k - a +4 amulet of reflection (around neck)
 u - a +2 ring of evasion (left hand)
 X - the ring of Noon {rF+ rC+ rN+}
   (You bought it in a shop on level 4 of the Snake Pit)

   [ring of positive energy]

   It protects you from fire.
   It protects you from cold.
   It protects you from negative energy.
Wands
 a - a wand of iceblast (8/15)
 e - a wand of digging (14/24)
 t - a wand of lightning (6/15)
 v - a wand of acid (0/15)
 w - a wand of iceblast (0/15)
 B - a wand of digging (17/24)
 D - a wand of lightning (4/15)
 E - a wand of acid (5/15)
 F - a wand of teleportation (1/9)
 J - a wand of confusion (42/48)
 N - a wand of flame (34/48)
 Q - a wand of acid (12/15)
 V - a wand of disintegration (12/24)
 Z - a wand of slowing (21/48)
Scrolls
 l - 6 scrolls of teleportation
 n - 5 scrolls of identify
 p - a scroll of remove curse
 H - a scroll of enchant weapon
 L - a scroll of magic mapping
 P - 4 scrolls of fog
 U - a scroll of silence
 W - 6 scrolls of immolation
Potions
 m - 5 potions of might
 s - 6 potions of agility
 z - 2 potions of lignification
 A - 4 potions of resistance
 G - a potion of ambrosia
 R - 8 potions of curing
 S - 5 potions of berserk rage
 T - a potion of cure mutation
Miscellaneous
 O - a lamp of fire
Comestibles
 f - 13 bread rations
 g - 7 meat rations
 h - 3 slices of pizza
 o - 6 beef jerkies
 r - 56 fruits
 x - a royal jelly


   Skills:
 - Level 10.2 Fighting
 - Level 14.1 Maces & Flails
 + Level 16.9 Armour
 * Level 14.1 Shields
 - Level 17.9 Invocations


You had 16 spell levels left.
You didn't know any spells.

Dungeon Overview and Level Annotations

Branches:
Dungeon (11/15)            Temple (1/1) D:5            Lair (6/6) D:10
  Swamp (4/4) Lair:4        Snake (4/4) Lair:3        Slime (0/5) Lair:6
    Orc (2/2) D:11            Elf (0/3) Orc:2

Altars:
Ashenzari
Cheibriados
Dithmenos
Elyvilon
Fedhas
Gozag
Hepliaklqana
Kikubaaqudgha
Makhleb
Nemelex Xobeh
Qazlal
Trog
Uskayaw
Vehumet
Xom
Yredelemnul
Zin
The Shining One

Shops:
D:5 *   D:10 !   Orc:2 *%}[(   Snake:4 [[=

Portals:
Pandemonium: Orc:2
Trove: D:11 (give 9 potions of haste)

Annotations:
D:6 1 runed door
Lair:6 exclusion: oklob plant


Innate Abilities, Weirdness & Mutations

You are resistant to torment.
Your stone body is resilient. (AC +12)
You are immune to poison.
Your large and strong wings let you fly indefinitely.
You resist negative energy. (rN+)
You are resistant to electric shocks. (rElec)
You can survive without breathing.
You are immune to petrification.
You are immune to rotting.
You have a pair of small horns on your head.
You possess an exceptional clarity of mind.
Your flesh is cold resistant. (rC+)
Armour fits poorly on your strangely shaped body.
You are dopey. (Int -2)
Your flesh is very heat resistant. (rF++)
You are weak. (Str -2)
Your spells are easier to cast, but less powerful.


Message History

The guardian serpent hits you but does no damage.
The anaconda closely misses you. The anaconda constricts you.
The guardian serpent hits you but does no damage.
You barely miss the anaconda. Your headbutt misses the anaconda.
The anaconda is severely wounded.
The black mamba completely misses you. The anaconda completely misses you.
* * * LOW HITPOINT WARNING * * *
The anaconda constricts you.
The guardian serpent casts a spell at you.
The bolt of poison hits you! You resist.
The bolt of poison hits the guardian serpent.
The black mamba barely misses you.
The guardian serpent hits you but does no damage.
The anaconda bites you but does no damage.
The anaconda constricts you.
You hit the anaconda. You freeze the anaconda.
The anaconda is severely wounded.
The black mamba bites you but does no damage.
The guardian serpent hits you!
You die...

...#........§...............#.#..
...#...###.###..............#.#..
####..###...###......(......#.###
.<...###.....####...........#....
....###.......###...........#....
...###.........###......)...#####
...##....)...)..##...............
...#........2..NS#...............
.......∩..8)=∩.S@S...............
...#............S#...............
...##...........##...............
...###.........###...............
#######.......## #.####'##.......
#....###.....#####.#.....#=......
#.....###.S.###....#.....#.......
#......###.###.....#.....'.......
'......#...........#.....#.......


You could see a naga warrior (fleeing), an anaconda, 3 guardian serpents, a
black mamba and a friendly cacodemon.

Vanquished Creatures
  the Lernaean hydra (Swamp:4)
  Nikola (Swamp:3)
  Gastronok (Lair:1)
  3 nagarajas
  An orc warlord (Orc:1)
  Josephine (Lair:4)
  6 naga warriors
  19 hydras
  A ghost crab (Swamp:3)
  A merfolk avatar (Lair:6)
  2 ogre magi
  9 alligators
  6 anacondas
  The ghost of bosm the Thaumaturge, a journeyman OpVM of Makhleb (Volcano)
  A centaur warrior (D:11)
  Erica (Lair:1)
  2 death yaks (Lair:6)
  3 naga sharpshooters
  5 orc high priests (Orc:2)
  3 shock serpents
  A soul eater (Orc:2)
  An unseen horror (D:11)
  4 sea snakes
  An infernal demonspawn (Orc:2)
  A naga ritualist (Snake:4)
  7 swamp dragons
  A spriggan druid (Swamp:3)
  3 orc knights
  3 hill giants (D:11)
  5 mana vipers
  6 orc sorcerers
  2 harpies (Lair:6)
  3 salamanders
  2 manticores
  2 cyclopes (D:11)
  8 elephants
  5 naga magi
  26 black mambas
  The ghost of Perturabo the Slasher, a novice HOFi (D:5)
  A rust devil (Orc:2)
  2 centaur zombies (D:11)
  A molten gargoyle (Volcano)
  A guardian serpent (Snake:4)
  An ice statue (Snake:2)
  3 gargoyles
  15 spiny frogs
  A kobold demonologist (D:11)
  9 komodo dragons
  6 rime drakes
  2 wind drakes (Lair:6)
  3 trolls
  4 polar bears
  A meliai (D:11)
  4 tyrant leeches
  10 hornets
  25 slime creatures
  5 dream sheep (Lair:4)
  Grinder (D:5)
  4 two-headed ogres
  8 bog bodies
  3 blink frogs (Lair:2)
  8 hippogriffs
  2 shadows
  A centaur simulacrum (D:11)
  4 spriggans
  4 basilisks
  4 wyverns
  A steam dragon (Lair:4)
  4 wraiths (Lair:4)
  21 yaks
  A fire elemental (Volcano)
  Grum (Lair:1)
  26 vampire mosquitoes
  A neqoxec (Orc:2)
  Menkaure (D:5)
  11 swamp worms
  22 nagas
  14 wargs
  17 insubstantial wisps
  14 water moccasins
  7 porcupines
  9 swamp drakes
  27 orc warriors
  A hornet zombie (D:9)
  A sky beast (D:10)
  A black bear (D:8)
  8 ogres
  A phantom (D:9)
  4 ice beasts
  14 wolves
  14 centaurs
  A necrophage (D:10)
  21 crocodiles
  The ghost of M4edhros the Charlatan, an amateur OpAr (D:4)
  20 bullfrogs
  4 big kobolds
  A wyvern skeleton (D:6)
  4 scorpions
  A water moccasin skeleton (D:6)
  5 killer bees (D:11)
  7 wights
  8 howler monkeys
  An electric eel (Snake:2)
  5 crimson imps
  A bullfrog zombie (D:8)
  4 hounds
  6 jellies
  A bullfrog skeleton (D:8)
  26 orc priests
  Crazy Yiuf (D:5)
  3 centaur skeletons
  Jessica (D:2)
  5 worker ants
  2 iguanas
  27 orc wizards
  A big kobold zombie (Ossuary)
  A hound skeleton (D:7)
  A worker ant zombie (D:11)
  8 mummies (Ossuary)
  4 gnolls (D:7)
  13 adders
  A howler monkey skeleton (D:8)
  4 shadow imps
  2 adder skeletons (D:4)
  6 worms
  5 leopard geckos
  78 orcs
  4 ball pythons
  6 giant cockroaches
  2 gnoll zombies (Ossuary)
  7 goblins
  7 hobgoblins
  17 jackals
  9 quokkas
  7 bats
  A frilled lizard (D:1)
  2 hobgoblin zombies (Ossuary)
  A jackal skeleton (D:4)
  25 kobolds
  2 leopard gecko skeletons
  3 orc zombies (Ossuary)
  A quokka skeleton (D:5)
  14 rats
892 creatures vanquished.

Vanquished Creatures (collateral kills)
  Rupert (Orc:1)
  The ghost of donomii the Corrupter of Planes, an adept DsAK of Lugonu (Snake:4)
  A thorn hunter (Swamp:3)
  3 hydras (Swamp:4)
  3 naga warriors
  A death yak (Lair:6)
  Urug (D:11)
  A spriggan (Swamp:3)
  An orc high priest (Orc:2)
  A sixfirhy (Orc:2)
  A salamander mystic (Snake:4)
  A naga ritualist (Snake:4)
  2 swamp dragons (Swamp:4)
  A shambling mangrove (Swamp:2)
  2 orc knights (Orc:2)
  3 orc sorcerers (Orc:2)
  A guardian serpent (Snake:4)
  A spiny frog (Swamp:3)
  A naga mage (Snake:3)
  2 red devils (Orc:2)
  2 hornets
  A slime creature (Swamp:3)
  A shadow (Swamp:4)
  6 vampire mosquitoes
  2 insubstantial wisps (Swamp:3)
  3 nagas
  9 orc warriors
  A bullfrog zombie (D:11)
  An orc priest (Orc:2)
  9 orcs
64 creatures vanquished.

Vanquished Creatures (others)
  A thorn hunter (Swamp:3)
  A spriggan druid (Swamp:3)
  2 slime creatures (Swamp:3)
  5 fungi
  6 plants (Lair:6)
  7 toadstools (Swamp:3)
22 creatures vanquished.

Grand Total: 978 creatures vanquished

Notes
Turn   | Place    | Note
-------+----------+-------------------------------------------
     0 | D:1      | Dolanko the Gargoyle Fighter began the quest for the Orb.
     0 | D:1      | Reached XP level 1. HP: 14/14 MP: 1/1
   152 | D:1      | Reached XP level 2. HP: 19/19 MP: 2/2
   583 | D:2      | Reached XP level 3. HP: 15/23 MP: 3/3
   952 | D:2      | Found a blossoming altar of Fedhas.
  1019 | D:2      | Noticed Jessica
  1027 | D:2      | Killed Jessica
  1027 | D:2      | Reached XP level 4. HP: 29/29 MP: 4/4
  1439 | D:3      | Found a hide-covered altar of Uskayaw.
  1439 | D:3      | Noticed a hand axe
  1440 | D:3      | Noticed a hand axe
  1467 | D:3      | Reached XP level 5. HP: 12/33 MP: 5/5
  1979 | D:3      | Reached XP level 6. HP: 11/39 MP: 6/6
  2496 | D:4      | Got a steaming dagger
  2497 | D:4      | Identified the +1 dagger "Fastruren" {protect, rF+ Int+3} (You found it on level 4 of the Dungeon)
  2515 | D:4      | Reached skill level 5 in Armour
  2517 | D:4      | Noticed M4edhros's ghost (amateur OpAr)
  2533 | D:4      | Reached skill level 5 in Maces & Flails
  2536 | D:4      | Killed M4edhros's ghost
  2536 | D:4      | Reached XP level 7. HP: 15/44 MP: 7/7
  2686 | D:4      | Reached skill level 5 in Fighting
  2705 | D:4      | HP: 2/44 [ogre/giant club (11)]
  2739 | D:4      | Found a sand-covered staircase.
  2751 | Ossuary  | Entered an ossuary
  3825 | D:5      | Entered Level 5 of the Dungeon
  3825 | D:5      | Noticed Menkaure
  3832 | D:5      | Killed Menkaure
  3832 | D:5      | Reached XP level 8. HP: 36/50 MP: 8/8
  3953 | D:5      | Found Zealirid's General Store.
  3967 | D:5      | Bought a potion of curing for 36 gold pieces
  3967 | D:5      | Bought a scroll of identify for 24 gold pieces
  3983 | D:5      | Found a hazy altar of Hepliaklqana.
  4021 | D:5      | Found a shadowy altar of Dithmenos.
  4039 | D:5      | Noticed Grinder
  4098 | D:5      | Killed Grinder
  4245 | D:5      | Found a staircase to the Ecumenical Temple.
  4271 | Temple   | Entered the Ecumenical Temple
  4394 | Temple   | Became a worshipper of Makhleb the Destroyer
  4604 | D:5      | Noticed Perturabo's ghost (novice HOFi)
  4673 | D:5      | Found a runed door.
  4677 | D:5      | Got a twisted mace
  4678 | D:5      | Identified the +9 mace "Niji Cyi" {freeze, rF+ rN+} (You found it on level 5 of the Dungeon)
  4703 | D:5      | Killed Perturabo's ghost
  4708 | D:5      | Noticed Crazy Yiuf
  4717 | D:5      | Killed Crazy Yiuf
  4717 | D:5      | Reached XP level 9. HP: 46/56 MP: 9/9
  4905 | D:6      | Found a basalt altar of Yredelemnul.
  4946 | D:6      | Found a bloodstained altar of Trog.
  5210 | D:6      | Found a glowing golden altar of the Shining One.
  5210 | D:6      | Noticed an angel
  5211 | D:6      | Found a runed door.
  5636 | D:7      | Reached * piety under Makhleb
  5747 | D:7      | Found a shadowy altar of Dithmenos.
  5928 | D:7      | Found a radiant altar of Vehumet.
  6089 | D:7      | Reached ** piety under Makhleb
  6135 | D:7      | Found a sparkling altar of Nemelex Xobeh.
  6278 | D:8      | Found an opulent altar of Gozag.
  6689 | D:8      | Reached skill level 10 in Maces & Flails
  6705 | D:8      | Reached XP level 10. HP: 64/64 MP: 10/10
  6791 | D:8      | Found a shattered altar of Ashenzari.
  7322 | D:9      | Reached *** piety under Makhleb
  7978 | D:9      | Found a snail-covered altar of Cheibriados.
  8044 | D:10     | Entered Level 10 of the Dungeon
  8117 | D:10     | Got a sparkling wooden ring
  8123 | D:10     | Identified the ring "Fean" {Fire -Tele rElec rN+} (You found it on level 10 of the Dungeon)
  8397 | D:10     | Found Peutsiff's Distillery.
  8428 | D:10     | Reached **** piety under Makhleb
  8472 | D:10     | Gained mutation: You are surrounded by a mild repulsion field. (EV +2) [potion of beneficial mutation]
  8473 | D:10     | Gained mutation: You have sharp toenails. [potion of beneficial mutation]
  8754 | D:10     | Noticed a gargoyle
  8760 | D:10     | Killed a gargoyle
  8813 | D:10     | Reached XP level 11. HP: 71/71 MP: 11/11
  8828 | D:10     | Found a staircase to the Lair.
  9040 | Lair:1   | Entered Level 1 of the Lair of Beasts
  9052 | Lair:1   | Noticed Erica
  9078 | Lair:1   | Killed Erica
  9078 | Lair:1   | Reached skill level 10 in Armour
  9136 | Lair:1   | Noticed Grum
  9164 | Lair:1   | Killed Grum
  9247 | Lair:1   | Noticed Gastronok
  9267 | Lair:1   | Killed Gastronok
  9267 | Lair:1   | Reached skill level 10 in Fighting
  9344 | Lair:1   | Noticed a four-headed hydra
  9357 | Lair:1   | Killed a four-headed hydra
  9635 | Lair:1   | Reached skill level 1 in Invocations
  9970 | Lair:2   | Reached skill level 2 in Invocations
  9983 | Lair:2   | Found a sparkling altar of Nemelex Xobeh.
 10019 | Lair:2   | Reached XP level 12. HP: 77/77 MP: 13/13
 10130 | Lair:2   | Reached skill level 3 in Invocations
 10308 | Lair:2   | You fall through a shaft!
 10321 | Lair:3   | Reached ***** piety under Makhleb
 10531 | Lair:2   | Reached skill level 4 in Invocations
 11115 | Lair:3   | Found a staircase to the Snake Pit.
 11686 | Lair:4   | Reached skill level 5 in Invocations
 11697 | Lair:4   | Found a staircase to the Swamp.
 11759 | Lair:4   | Noticed Josephine
 11775 | Lair:4   | Killed Josephine
 11795 | Lair:4   | Reached skill level 6 in Invocations
 11856 | Lair:4   | Reached skill level 7 in Invocations
 11856 | Lair:4   | Reached XP level 13. HP: 82/82 MP: 18/18
 11949 | Lair:4   | Got a scorched halberd
 11950 | Lair:4   | Identified the +4 halberd of Luri {flame, MP+9} (You found it on level 4 of the Lair of Beasts)
 12133 | Lair:5   | Reached skill level 5 in Shields
 12440 | Lair:5   | Reached skill level 8 in Invocations
 12649 | Lair:5   | Lost mutation: You have sharp toenails. [potion of cure mutation]
 12649 | Lair:5   | Lost mutation: You are surrounded by a mild repulsion field. (EV +2) [potion of cure mutation]
 12650 | Lair:5   | Gained mutation: You have a pair of small horns on your head. [potion of mutation]
 12650 | Lair:5   | Gained mutation: You passively map a small area around you. [potion of mutation]
 12650 | Lair:5   | Gained mutation: You possess an exceptional clarity of mind. [potion of mutation]
 12884 | Lair:6   | Entered Level 6 of the Lair of Beasts
 12933 | Lair:6   | Reached skill level 9 in Invocations
 13223 | Lair:6   | Reached skill level 10 in Invocations
 13310 | Lair:6   | Reached ****** piety under Makhleb
 13391 | Lair:6   | Found a shimmering altar of Xom.
 13423 | Lair:6   | Found a staircase to the Slime Pits.
 13646 | Lair:6   | Gained mutation: Your large and strong wings let you fly indefinitely. [Gargoyle growth]
 13646 | Lair:6   | Reached XP level 14. HP: 88/88 MP: 22/22
 13652 | Lair:6   | Reached skill level 11 in Invocations
 14569 | D:11     | Reached skill level 12 in Invocations
 14573 | D:11     | Noticed Urug
 14586 | D:11     | Killed Urug
 14757 | D:10     | Bought 2 potions of might for 104 gold pieces
 14757 | D:10     | Bought a potion of curing for 39 gold pieces
 14757 | D:10     | Bought a potion of lignification for 39 gold pieces
 14757 | D:10     | Bought a potion of agility for 52 gold pieces
 14871 | D:10     | Gained mutation: You are dopey. (Int -2) [mutagenic meat]
 14873 | D:10     | Gained mutation: Your spells are a little easier to cast, but a little less powerful. [mutagenic meat]
 14874 | D:10     | Gained mutation: Your spells are easier to cast, but less powerful. [mutagenic meat]
 14875 | D:10     | Gained mutation: You have a somewhat thin skeletal structure. (Dex +2, Stealth) [mutagenic meat]
 15190 | D:11     | Found a staircase to the Orcish Mines.
 15240 | D:11     | Found a portal to a secret trove of treasure.
 15443 | Orc:1    | Entered Level 1 of the Orcish Mines
 15552 | Orc:1    | Found a dark tunnel.
 15566 | Volcano  | Entered a volcano
 15694 | Volcano  | Noticed bosm's ghost (journeyman OpVM)
 15709 | Volcano  | Killed bosm's ghost
 16103 | Orc:1    | Noticed an orc warlord
 16128 | Orc:1    | Killed an orc warlord
 16128 | Orc:1    | Reached skill level 13 in Invocations
 16389 | Orc:2    | Entered Level 2 of the Orcish Mines
 16536 | Orc:2    | Found a staircase to the Elven Halls.
 16684 | Orc:2    | Noticed Rupert
 16692 | Orc:2    | Paralysed by Rupert for 3 turns
 16735 | Orc:1    | Killed Rupert
 16735 | Orc:1    | Reached XP level 15. HP: 60/92 MP: 25/25
 16900 | Orc:2    | Found Hima's Weapon Shoppe.
 17008 | Orc:2    | Paralysed by an orc sorcerer for 2 turns
 17204 | Orc:2    | Found Goytosed's Food Boutique.
 17209 | Orc:2    | Found Kyosoel's General Store.
 17441 | Orc:2    | Reached skill level 14 in Invocations
 17461 | Orc:2    | Reached skill level 10 in Shields
 17473 | Orc:2    | Gained mutation: Armour fits poorly on your strangely shaped body. [a neqoxec]
 17489 | Orc:2    | Paralysed by an orc sorcerer for 6 turns
 17531 | Orc:2    | Found Querrerch's Antique Armour Emporium.
 17531 | Orc:2    | Found Suge's Gadget Shoppe.
 17532 | Orc:2    | Found a one-way gate leading to the halls of Pandemonium.
 17973 | Orc:1    | Gained mutation: You are very dopey. (Int -4) [a neqoxec]
 18316 | Swamp:1  | Entered Level 1 of the Swamp
 19020 | Swamp:2  | Reached skill level 15 in Invocations
 19042 | Swamp:2  | Reached skill level 15 in Armour
 19070 | Swamp:2  | Gained mutation: Your flesh is heat resistant. (rF+) [potion of mutation]
 19070 | Swamp:2  | Lost mutation: You are very dopey. (Int -4) [potion of mutation]
 19071 | Swamp:2  | Lost mutation: You passively map a small area around you. [potion of mutation]
 19071 | Swamp:2  | Lost mutation: You have a somewhat thin skeletal structure. (Dex +2, Stealth) [potion of mutation]
 19072 | Swamp:2  | Gained mutation: Your flesh is very heat resistant. (rF++) [potion of mutation]
 19072 | Swamp:2  | Gained mutation: You are weak. (Str -2) [potion of mutation]
 19072 | Swamp:2  | Gained mutation: Your flesh is cold resistant. (rC+) [potion of mutation]
 19790 | Swamp:3  | Noticed a thorn hunter
 19814 | Swamp:3  | Killed a thorn hunter
 20006 | Swamp:3  | Reached XP level 16. HP: 72/97 MP: 27/27
 20475 | Swamp:3  | Reached skill level 16 in Invocations
 20507 | Swamp:3  | Got a pair of steaming gloves
 20518 | Swamp:3  | Identified the cursed +0 pair of gloves "Wyfanaridd" {rElec rC+ Str+4 Int-3} (You found it on level 3 of the Swamp)
 20720 | Swamp:3  | Noticed a thorn hunter
 20723 | Swamp:3  | Noticed Nikola
 20728 | Swamp:3  | Killed a thorn hunter
 20743 | Swamp:3  | Killed Nikola
 20874 | Swamp:4  | Entered Level 4 of the Swamp
 21311 | Swamp:4  | Noticed the 27-headed Lernaean hydra
 21340 | Swamp:4  | Killed the 27-headed Lernaean hydra
 21392 | Swamp:4  | Reached skill level 17 in Invocations
 21507 | Swamp:4  | Got a decaying rune of Zot
 21860 | Snake:1  | Entered Level 1 of the Snake Pit
 22852 | Snake:2  | Reached XP level 17. HP: 97/102 MP: 29/29
 24505 | Snake:4  | Entered Level 4 of the Snake Pit
 24698 | Snake:4  | Found Riurirr's Jewellery Shoppe.
 24698 | Snake:4  | Found Haotefy's Armour Emporium.
 24738 | Snake:4  | Bought the ring of Noon {rF+ rC+ rN+} for 820 gold pieces
 24769 | Snake:4  | Found Equs's Antique Armour Emporium.
 24962 | Snake:4  | Noticed donomii's ghost (adept DsAK)
 24991 | Snake:4  | Killed donomii's ghost
 25410 | Snake:4  | Slain by a guardian serpent

Skill      XL: |  1  2  3  4  5  6  7  8  9 10 11 12 13 14 15 16 17 |
---------------+----------------------------------------------------+-----
Maces & Flails | 3 4 5 6 8 10 11 13 14 | 14.1
Armour         | 4 5 6 7 8 9 10 12 13 14 15 16 | 16.9
Fighting       | 4 5 6 8 9 10 | 10.2
Invocations    | 2 7 10 13 15 17 | 17.9
Shields        | 4 7 9 11 12 14 | 14.1

Action                   |  1- 3 |  4- 6 |  7- 9 | 10-12 | 13-15 | 16-18 || total
-------------------------+-------+-------+-------+-------+-------+-------++-------
Melee: Flail             |   115 |   249 |   199 |       |       |       ||   563
       Mace              |       |       |   194 |   682 |  1448 |   864 ||  3188
       Kick              |       |       |       |   148 |    51 |       ||   199
       Headbutt          |       |       |       |       |   316 |   188 ||   504
Throw: Throwing net      |       |       |       |     3 |     1 |       ||     4
Invok: Lesser Servant of |       |       |       |       |    15 |       ||    15
       Greater Servant o |       |       |       |       |     4 |    11 ||    15
 Abil: Fly               |       |       |       |       |     1 |       ||     1
Evoke: Wand              |       |       |       |     4 |    38 |     8 ||    50
       Lamp of fire      |       |       |       |       |       |     1 ||     1
  Use: Potion            |       |     5 |    11 |    10 |    10 |     4 ||    40
       Scroll            |       |       |    17 |     7 |    16 |    17 ||    57
 Stab: Distracted        |       |       |       |       |     1 |     2 ||     3
       Confused          |       |       |       |       |       |     3 ||     3
  Eat: Chunk             |     1 |     5 |     8 |    25 |    17 |     7 ||    63
       Bread ration      |       |       |     1 |       |       |       ||     1
       Meat ration       |       |       |       |       |     2 |     2 ||     4
       Royal jelly       |       |       |       |       |     1 |       ||     1
       Beef jerky        |       |       |       |       |     1 |       ||     1
Armor: Scale mail        |    96 |   183 |   163 |       |       |       ||   442
       Plate armour      |       |       |    31 |   419 |  1015 |   650 ||  2115
Dodge: Dodged            |    81 |   170 |   190 |   365 |   588 |   378 ||  1772
Block: Other             |       |       |    59 |    79 |   165 |   147 ||   450
       Reflection        |       |       |     1 |     5 |    12 |     3 ||    21
